 Dungeon Crawl Stone Soup version 0.30-a0-956-gcec3b41aec (webtiles) character file.

Game seed: 13137397067068997422

300 mistaj the Shield-Bearer (level 6, -5/33 HPs)
             Began as a Vine Stalker Fighter on Mar 29, 2023.
             Slain by Blork the orc
             ... wielding a +1 heavy mace
              (9 damage)
             ... on level 4 of the Dungeon.
             The game lasted 00:03:13 (2711 turns).

mistaj the Shield-Bearer (Vine Stalker Fighter)     Turns: 2711, Time: 00:03:13

Health: -5/33      AC:  7    Str: 20    XL:     6   Next: 36%
Magic:  0/7        EV:  9    Int:  8    God:
Gold:   162        SH:  5    Dex: 14    Spells: 5/5 levels left

rFire   . . .      SeeInvis .    a - +0 war axe
rCold   . . .      Faith    .    c - +0 buckler
rNeg    . . .      Spirit   +    b - +0 scale mail
rPois   .          Reflect  .    (no helmet)
rElec   .          Rampage  .    (no cloak)
rCorr   .                        (no gloves)
Will    .....                    j - +0 pair of boots Stlth
                                 (no amulet)
HPRegen 1.05/turn                (no ring)
MPRegen 0.10/turn                (no ring)

@: no status effects
A: fangs 2, regeneration 1, magic shield, antimagic bite, no potion heal 2
a: no special abilities


You were on level 4 of the Dungeon.
You visited 1 branch of the dungeon, and saw 4 of its levels.

You collected 162 gold pieces.

Inventory:

Hand Weapons
 a - a +0 war axe (weapon)
Armour
 b - a +0 scale mail (worn)
 c - a +0 buckler (worn)
 j - a +0 pair of boots (worn)
Jewellery
 o - an amulet of reflection
Scrolls
 e - 6 scrolls of identify {unknown}
 i - 2 scrolls of acquirement {unknown}
 k - a scroll of vulnerability {unknown}
 l - a scroll of teleportation {unknown}
 m - 2 scrolls of magic mapping {unknown}
 n - a scroll of poison {unknown}
Potions
 d - 2 potions of might
 f - a potion of cancellation {unknown}
 g - 3 potions of mutation {unknown}
 h - 4 potions of curing {unknown}


   Skills:
 + Level 4.2 Fighting
 + Level 3.7 Axes
 - Level 2.4 Armour
 + Level 4.2 Shields


You had 5 spell levels left.
You didn't know any spells.
Your spell library contained the following spells:

 Spells                   Type           Power      Damage    Failure   Level
 Freeze                   Ice            0%         1d3       86%         1
 Frozen Ramparts          Ice            0%         1d1       99%         3
 Hailstorm                Conj/Ice       0%         3d3       99%         3
 Yara's Violent Unravell  Hex/Tmut       0%         3d3       100%        5
 Enfeeble                 Hex            0%         N/A       100%        7


Dungeon Overview and Level Annotations

Branches:
Dungeon (4/15)
 Temple: D:4-7

Altars:
Ashenzari
Gozag
Wu Jian

Annotations:
D:4 Blork the orc


Innate Abilities, Weirdness & Mutations

You have extremely sharp teeth.
Your natural rate of healing is unusually fast.
When hurt, damage is shared between your health and your magic reserves.
Your bite disrupts and absorbs the magic of your enemies.
Potions cannot restore your health.


Message History

No target in view!
No target in view!
You see here a +0 short sword.
You start resting.
Magic restored.
You start waiting.
Done waiting.
Found 4 stones.
You see here 4 stones.
Found an opulent altar of Gozag.
Found 10 gold pieces.
You now have 158 gold pieces (gained 10).
You now have 162 gold pieces (gained 4).
g - 3 amethyst potions (gained 1)
Found a stone staircase leading down.
There is a stone staircase leading down here.
Blork the orc comes into view.
He is wielding a +1 heavy mace and wearing a +2 robe of resistance.
Blork the orc shouts!
Blork the orc points at you and mumbles some strange words.
The puff of flame hits you!
Blork the orc mumbles some strange words.
Blork the orc seems to speed up.
Blork the orc hits you but does no damage.
You completely miss Blork the orc. Blork the orc casts a spell at you.
The magic dart hits you.
Blork the orc hits you with a +1 heavy mace!
You are too injured to fight recklessly!
You are too injured to fight recklessly!
You hit Blork the orc. You bite Blork the orc.
Blork the orc's magic leaks into the air.
You drain his magic.
You feel invigorated.
Blork the orc is lightly wounded.
Blork the orc hits you with a +1 heavy mace.
You closely miss Blork the orc.
Blork the orc is lightly wounded.
Blork the orc hits you with a +1 heavy mace!
* * * LOW HITPOINT WARNING * * *
Blork the orc hits you with a +1 heavy mace!
You die...

....# #(.# ....#
#..# ....# #..#
....# #..# ....#
#..# ##### #..#
#..#
#..#############
#........@o....#
#.############.#
#.# #.#
########.###
...........#
.#######.#.# .#
#.#.# .# #...#


You could see Blork the orc (fast, magic disrupted).

Vanquished Creatures
  An ogre (D:4)
  A bullfrog (D:4)
  Terence (D:3)
  An orc wizard (D:3)
  3 adders
  2 worms
  3 dart slugs
  7 orcs (D:3)
  6 bats
  5 endoplasms
  5 giant cockroaches
  5 goblins
  6 hobgoblins
  11 kobolds
  A quokka (D:1)
  5 ball pythons
  A frilled lizard (D:2)
  3 rats (D:2)
67 creatures vanquished.

Vanquished Creatures (others)
  3 demonic plants (D:3)
  5 fungi (D:3)
8 creatures vanquished.

Grand Total: 75 creatures vanquished

Notes
Turn   | Place    | Note
-------+----------+-------------------------------------------
     0 | D:1      | mistaj the Vine Stalker Fighter began the quest for the
                  | Orb.
     0 | D:1      | Reached XP level 1. HP: 11/11 MP: 2/2
   108 | D:1      | Reached XP level 2. HP: 10/16 MP: 1/3
   133 | D:1      | You fall into a shaft and drop 1 floor!
   405 | D:1      | Reached XP level 3. HP: 17/20 MP: 4/4
   713 | D:2      | Found Xexamnid's Weapon Shoppe.
   788 | D:2      | Gained mutation: Your natural rate of healing is unusually
                  | fast. [Vine Stalker growth]
   788 | D:2      | Reached XP level 4. HP: 24/24 MP: 5/5
  1196 | D:3      | Noticed Terence
  1216 | D:3      | Killed Terence
  1217 | D:3      | Reached XP level 5. HP: 22/28 MP: 6/6
  1305 | D:3      | Found a broken altar of Ashenzari.
  1383 | D:3      | Found a faded altar of an unknown god.
  1395 | D:3      | Found an ornate altar of the Wu Jian Council.
  2242 | D:4      | Noticed an ogre
  2247 | D:4      | Killed an ogre
  2248 | D:4      | Reached XP level 6. HP: 3/33 MP: 0/7
  2636 | D:4      | Found an opulent altar of Gozag.
  2704 | D:4      | Noticed Blork the orc
  2711 | D:4      | Slain by Blork the orc

Illustrated notes

Levels and vault maps discovered:
D:1:      dpeg_arrival_long_road, layout_basic
D:2:      layout_rooms, serial_shops, nicolae_shop_bloodbath_and_beyond
D:3:      layout_loops_corners, lemuel_round_altar,
          mainiacjoe_overflow_alcove_4, shapermc_ecumenical_altar_gd,
          minmay_misc_feat_roman, uniq_terence
D:4:      cheibrodos_old_hovel, layout_basic, kennysheep_mini,
          nicolae_gozag_cash_rules_everything_around_me, zin_statuary,
          uniq_eustachio, uniq_duvessa, uniq_blork_the_orc, uniq_sigmund

Skill      XL: |  1  2  3  4  5 |
---------------+----------------+-----
Axes           | 2 3 |  3.7
Fighting       | 3 4 |  4.2
Shields        | 3 4 |  4.2
Armour         | |  2.4

Action                     |  1- 3 |  4- 6 || total
---------------------------+-------+-------++-------
  Melee: War axe           |    88 |    86 ||   174
         Bite              |    20 |    25 ||    45
 Armour: Scale mail        |    40 |    27 ||    67
  Dodge: Dodged            |    38 |    30 ||    68
  Block: Buckler           |    20 |    16 ||    36

Table legend: (Time is in decaauts)
 A = Elapsed time spent in this place.
 B = Non-inter-level travel time spent in this place.
 C = Inter-level travel time spent in this place.
 D = Time resting spent in this place.
 E = Time spent auto-exploring this place.
 F = Levels seen in this place.
 G = Mean time per level.
                   A        B        C        D        E       F      G
               +--------+--------+--------+--------+--------+-----+--------+
         Total |   2781 |   2718 |     63 |    445 |   1711 |   4 |  695.2 |
       Dungeon |   2781 |   2718 |     63 |    445 |   1711 |   4 |  695.2 |
               +--------+--------+--------+--------+--------+-----+--------+

Top non-repeatable levels by time:
     D:3: 1185 daAuts
     D:1: 661 daAuts
     D:4: 528 daAuts
     D:2: 405 daAuts
